 Dungeon Crawl Stone Soup version 0.24-a0-278-gefa1973 (webtiles) character file.

Game seed: 7501345942637150951

7433 galech the Cleaver (level 10, -13/79 HPs)
             Began as a Demonspawn Fighter on Apr 30, 2019.
             Was a Follower of Okawaru.
             Killed from afar by a gargoyle (23 damage)
             ... with a stone arrow
             ... on level 11 of the Dungeon.
             The game lasted 00:14:40 (10652 turns).

galech the Cleaver (Demonspawn Fighter)            Turns: 10652, Time: 00:14:41

Health: -13/79     AC: 10    Str: 17    XL:     10   Next: 93%
Magic:  10/10      EV: 16    Int: 10    God:    Okawaru [*.....]
Gold:   483        SH: 10    Dex: 15    Spells: 9/9 levels left

rFire    . . .     SeeInvis .   q - +0 war axe (chop)
rCold    . . .     Gourm    .   c - +0 shield
rNeg     . . .     Faith    .   y - +0 acid dragon scales
rPois    .         Spirit   .   (helmet restricted)
rElec    .         Reflect  .   d - +0 cloak
rCorr    +         Harm     .   u - +0 pair of gloves
MR       .....                  (no boots)
Stlth    +.........             (no amulet)
HPRegen  0.23/turn              e - ring of wizardry
MPRegen  0.12/turn              o - ring of attention (curse)

@: lightly drained
A: horns 1, repulsion field 2, powered by death 1
a: Heroism, Renounce Religion


You were on level 11 of the Dungeon.
You worshipped Okawaru.
Okawaru was aware of your devotion.
You were hungry.

You visited 2 branches of the dungeon, and saw 12 of its levels.
You also visited: Sewer.

You collected 516 gold pieces.
You spent 33 gold pieces at shops.

Inventory:

Hand Weapons
 a - a +0 war axe
 q - a +0 war axe of chopping (weapon)
Armour
 c - a +0 shield (worn)
 d - a +0 cloak (worn)
 u - a +0 pair of gloves (worn)
 y - +0 acid dragon scales (worn)
Jewellery
 e - a ring of wizardry (left hand)
 o - a cursed ring of attention (right hand)
Wands
 p - a wand of enslavement (20)
 w - a wand of random effects (33)
 D - a wand of scattershot (4)
 G - a wand of digging (1)
Scrolls
 i - 3 scrolls of enchant armour
 k - 3 scrolls of amnesia
 l - 5 scrolls of identify
 m - 2 scrolls of magic mapping
 r - a scroll of fog
 s - 3 scrolls of teleportation
 t - 2 scrolls of fear
 x - 4 scrolls of remove curse
 E - a scroll of blinking {unknown}
Potions
 g - a potion of invisibility {unknown}
 h - 2 potions of lignification
 n - 6 potions of haste {unknown}
 v - 3 potions of brilliance {unknown}
 z - a potion of heal wounds
 A - a potion of ambrosia {unknown}
 C - 4 potions of flight
 F - a potion of berserk rage {unknown}
Comestibles
 f - 14 rations


   Skills:
 + Level 7.0(6.9) Fighting
 + Level 10.0(9.9) Axes
 + Level 6.4(6.3) Armour
 + Level 5.0(4.9) Dodging
 + Level 1.7(1.6) Stealth
 + Level 7.2(7.1) Shields


You had 9 spell levels left.
You didn't know any spells.
Your spell library contained the following spells:

 Spells                   Type           Power        Failure   Level  Hunger
 Animate Skeleton         Necr           N/A          45%         1    ##.....
 Freeze                   Ice            #...         45%         1    ##.....
 Pain                     Necr           #...         45%         1    ##.....
 Throw Frost              Conj/Ice       #.....       61%         2    ###....
 Ozocubu's Armour         Chrm/Ice       #.......     82%         3    ####...
 Regeneration             Chrm/Necr      #.........   82%         3    ####...
 Vampiric Draining        Necr           #.........   82%         3    ####...
 Animate Dead             Necr           N/A          99%         4    #####..
 Summon Ice Beast         Ice/Summ       #.......     99%         4    #####..
 Throw Icicle             Conj/Ice       #.......     99%         4    #####..


Dungeon Overview and Level Annotations

Branches:
Dungeon (11/15)            Temple (1/1) D:4
   Lair: D:8-11         Orc: D:9-12

Altars:
Ashenzari
Cheibriados
Dithmenos
Elyvilon
Fedhas
Gozag
Hepliaklqana
Kikubaaqudgha
Makhleb
Nemelex Xobeh
Okawaru
Qazlal
Ru
Sif Muna
Trog
Uskayaw
Vehumet
Wu Jian
Xom
Yredelemnul
Zin
The Shining One

Shops:
D:4 !   D:7 **   D:10 [

Annotations:
D:6 1 runed translucent door, Lanoc's ghost, novice TrMo


Innate Abilities, Weirdness & Mutations

You have a pair of small horns on your head.
You are surrounded by a moderate repulsion field. (EV +3)
You regenerate a little health from kills.


Message History

The stone arrow hits you!!
* * * LOW HITPOINT WARNING * * *
You hit the gargoyle but do no damage.
The gargoyle is heavily damaged.
The gargoyle barely misses you.
You hit the gargoyle but do no damage.
You headbutt the gargoyle, but do no damage.
The gargoyle is heavily damaged.
The gargoyle hurls a stone arrow at you.
The stone arrow misses you. The gargoyle barely misses you.
You are feeling hungry.
You barely miss the gargoyle.
You headbutt the gargoyle, but do no damage.
The gargoyle is heavily damaged.
You block the gargoyle's attack.
You hit the gargoyle but do no damage. Your headbutt misses the gargoyle.
The gargoyle is heavily damaged.
The gargoyle hurls a stone arrow at you.
The stone arrow hits you!!
You die...

########################
........................
#...................###
#........##...###...#
.#....#........###...###
......#........<........
..............##########
........#######
...####@# #..?9......#
#.........## #.........#
#...##....# #... ....#
#... ##### #...


You could see a gargoyle.

Vanquished Creatures
  Harold (D:6)
  A two-headed ogre (D:9)
  Joseph (D:7)
  2 trolls (D:9)
  A hornet (D:9)
  5 yaks (D:10)
  Duvessa (D:7)
  A water moccasin (D:7)
  A porcupine (D:10)
  2 sky beasts
  An ice beast (D:5)
  An orc warrior (D:10)
  3 black bears
  A necrophage (D:10)
  3 ogres
  7 centaurs
  A crocodile (D:11)
  4 big kobolds
  4 bullfrogs
  Dowan (D:7)
  2 scorpions
  A water moccasin skeleton (D:10)
  4 killer bees (D:9)
  5 wights (D:10)
  6 howler monkeys
  2 crimson imps
  3 quasits
  A jelly (D:10)
  5 hounds
  3 orc priests
  A bullfrog skeleton (D:9)
  6 orc wizards
  A worker ant (D:5)
  2 iguanas
  A killer bee zombie (D:6)
  2 hound skeletons
  2 worker ant zombies
  Robin (D:1)
  4 gnolls
  A howler monkey skeleton (D:8)
  10 adders
  14 river rats
  A shadow imp (D:7)
  2 oozes (D:5)
  An adder zombie (D:5)
  6 worms
  3 dart slugs
  4 leopard geckos
  17 orcs
  7 giant cockroaches
  14 goblins
  12 hobgoblins
  4 jackals
  22 kobolds
  7 quokkas
  8 ball pythons
  8 bats
  7 frilled lizards
  A leopard gecko zombie (D:9)
  28 rats
271 creatures vanquished.

Vanquished Creatures (others)
  6 fungi (D:11)
  A plant (D:11)
7 creatures vanquished.

Grand Total: 278 creatures vanquished

Notes
Turn   | Place    | Note
-------+----------+-------------------------------------------
     0 | D:1      | galech the Demonspawn Fighter began the quest for the Orb.
     0 | D:1      | Reached XP level 1. HP: 18/18 MP: 1/1
   165 | D:1      | Gained mutation: You have a pair of small horns on your
                  | head. [demonic ancestry]
   165 | D:1      | Reached XP level 2. HP: 15/24 MP: 2/2
   279 | D:1      | Reached skill level 2 in Axes
   664 | D:2      | Noticed Robin
   665 | D:2      | Reached XP level 3. HP: 29/29 MP: 3/3
   924 | D:1      | Killed Robin
  1203 | D:2      | Gained mutation: You are surrounded by a mild repulsion
                  | field. (EV +2) [demonic ancestry]
  1203 | D:2      | Reached XP level 4. HP: 31/35 MP: 4/4
  1291 | D:2      | Reached skill level 3 in Axes
  1330 | D:2      | Reached XP level 5. HP: 25/41 MP: 5/5
  2678 | D:4      | Reached skill level 1 in Dodging
  2678 | D:4      | Reached XP level 6. HP: 29/48 MP: 6/6
  2849 | D:4      | Reached skill level 4 in Axes
  2997 | D:4      | Found Hoagikh's Distillery.
  3000 | D:4      | Bought a potion of curing for 33 gold pieces
  3111 | D:4      | Found a staircase to the Ecumenical Temple.
  3162 | Temple   | Entered the Ecumenical Temple
  3669 | D:5      | Entered Level 5 of the Dungeon
  3751 | D:5      | Noticed an ice beast
  3765 | D:5      | Killed an ice beast
  3765 | D:5      | Reached XP level 7. HP: 54/54 MP: 7/7
  3878 | D:5      | Reached skill level 5 in Axes
  4187 | D:6      | Found a glowing drain.
  4218 | Sewer    | Entered a sewer
  4311 | Sewer    | Reached XP level 8. HP: 59/61 MP: 8/8
  4641 | Sewer    | Reached skill level 6 in Axes
  4927 | D:6      | Reached skill level 5 in Shields
  5080 | D:6      | Found a runed translucent door.
  5081 | D:6      | Noticed Lanoc's ghost (novice TrMo)
  5107 | D:6      | Found a radiant altar of Vehumet.
  5116 | D:6      | Found a burning altar of Makhleb.
  5116 | D:6      | Found a deep blue altar of Sif Muna.
  5116 | D:6      | Found a blossoming altar of Fedhas.
  5117 | D:6      | Found an opulent altar of Gozag.
  5121 | D:6      | Found a stormy altar of Qazlal.
  5122 | D:6      | Found a basalt altar of Yredelemnul.
  5285 | D:6      | Reached skill level 5 in Armour
  5407 | D:7      | Reached skill level 5 in Fighting
  5421 | D:7      | Found Gozag's Platinum Reserve.
  5421 | D:7      | Noticed Duvessa
  5422 | D:7      | Noticed Dowan
  5446 | D:7      | Found an opulent altar of Gozag.
  5469 | D:7      | Killed Duvessa
  5469 | D:7      | Reached skill level 7 in Axes
  5475 | D:7      | Killed Dowan
  5519 | D:7      | Gained mutation: You regenerate a little health from kills.
                  | [demonic ancestry]
  5519 | D:7      | Reached XP level 9. HP: 68/68 MP: 9/9
  5549 | D:7      | Found Noiwun's General Store.
  5653 | D:7      | Found a glowing golden altar of the Shining One.
  5654 | D:7      | Found an ancient bone altar of Kikubaaqudgha.
  5692 | D:7      | Found a bloodstained altar of Trog.
  5696 | D:7      | Noticed Harold
  5697 | D:7      | Noticed Joseph
  5850 | D:6      | Killed Harold
  5850 | D:6      | Reached skill level 8 in Axes
  5850 | D:6      | Reached skill level 1 in Stealth
  6105 | D:7      | Killed Joseph
  6522 | D:7      | Found a shimmering altar of Xom.
  7265 | D:8      | Found an iron altar of Okawaru.
  7303 | D:8      | Found a snail-covered altar of Cheibriados.
  7480 | D:9      | Paralysed by a hornet for 3 turns
  7492 | D:9      | Gained mutation: You are surrounded by a moderate repulsion
                  | field. (EV +3) [demonic ancestry]
  7492 | D:9      | Reached XP level 10. HP: 29/76 MP: 10/10
  7836 | D:9      | Paralysed by a hornet for 2 turns
  7855 | D:9      | Reached skill level 9 in Axes
  8380 | D:9      | Noticed a two-headed ogre
  8702 | D:9      | Killed a two-headed ogre
  9041 | D:8      | Found an ornate altar of the Wu Jian Council.
  9053 | D:8      | Became a worshipper of Warmaster Okawaru
  9187 | D:10     | Entered Level 10 of the Dungeon
  9510 | D:10     | Reached * piety under Okawaru
 10140 | D:10     | Found Sita's Antique Armour Shoppe.
 10228 | D:10     | Reached skill level 5 in Dodging
 10302 | D:10     | Reached skill level 10 in Axes
 10640 | D:11     | Noticed a gargoyle
 10652 | D:11     | Killed from afar by a gargoyle

Levels and vault maps discovered:
D:1:      sevenhm_arrival_forest_fort_small_4, layout_basic
D:2:      layout_rooms, minmay_randomly_rotated_circles, uniq_robin
D:3:      layout_rooms
D:4:      layout_loops_ring, minmay_temple_entry_mist, serial_shops,
          kennysheep_mini_moat, first_ration, small_statue_intersection
D:5:      layout_basic
D:6:      layout_rooms, minitemple, lightli_sewer_entry_pipes,
          ebering_ghost_reflecting_pool
D:7:      layout_loops_cross, gammafunk_temple_overflow_claw, basic_altar,
          serial_shops, shop, corexii_leaking_fountain,
          nicolae_gozag_zags_fifth_avenue, uniq_harold, uniq_duvessa,
          uniq_joseph
D:8:      layout_cave_pools, overflow_temple_1_default,
          nicolae_overflow_hidden_temple
D:9:      layout_rooms
D:10:     layout_irregular_city, serial_shops, nicolae_shop_crystal
D:11:     layout_stronghold, due_lair_maze_entry_diamond,
          hangedman_little_slice_of_home, uniq_nergalle, uniq_psyche
Temple:   compressed_dpeg_triangle_lava_temple

Skill      XL: |  1  2  3  4  5  6  7  8  9 10 |
---------------+-------------------------------+-----
Axes           | 2 3 4 5 7 8 10 | 10.0
Armour         | 3 4 5 6 |  6.4
Shields        | 3 4 5 7 |  7.2
Dodging        | 1 2 3 5 |  5.0
Fighting       | 4 5 7 |  7.0
Stealth        | 1 |  1.7

Action                   |  1- 3 |  4- 6 |  7- 9 | 10-12 || total
-------------------------+-------+-------+-------+-------++-------
Melee: War axe           |    84 |   173 |   362 |   231 ||   850
       Headbutt          |     3 |    31 |    57 |    54 ||   145
  Use: Potion            |       |     1 |     7 |     8 ||    16
       Scroll            |       |       |    10 |       ||    10
  Eat: Chunk             |     1 |     8 |    13 |    10 ||    32
Armor: Scale mail        |    61 |    61 |    75 |       ||   197
       Acid dragon scale |       |       |    45 |    61 ||   106
       Skin              |       |       |       |     5 ||     5
Dodge: Dodged            |    33 |    83 |   199 |   200 ||   515
Block: Shield            |    56 |    75 |   238 |   184 ||   553

Table legend:
 A = Non-vault XP
 B = Vault XP
 C = Vault XP percentage of total XP
 D = Non-vault monster count
 E = Vault monster count
 F = Vault count percentage of total count
                 A         B        C        D         E       F
            +---------+---------+-------+---------+---------+-------
      Total |    8054 |    2565 |  24.2 |     187 |      84 |  31.0
            +---------+---------+-------+---------+---------+-------
        D:1 |      55 |      21 |  27.6 |      27 |       4 |  12.9
        D:2 |      99 |      78 |  44.1 |      26 |      12 |  31.6
        D:3 |      44 |       0 |   0.0 |      13 |       0 |   0.0
        D:4 |     201 |       0 |   0.0 |      11 |       0 |   0.0
        D:5 |     437 |       0 |   0.0 |      13 |       0 |   0.0
        D:6 |     801 |    1105 |  58.0 |      19 |      15 |  44.1
        D:7 |     655 |     642 |  49.5 |      10 |       3 |  23.1
        D:8 |     828 |       0 |   0.0 |      26 |       0 |   0.0
        D:9 |    2848 |       0 |   0.0 |      19 |       0 |   0.0
       D:10 |    2086 |     143 |   6.4 |      23 |       1 |   4.2
       D:11 |       0 |     103 | 100.0 |       0 |       1 | 100.0
      Sewer |       0 |     473 | 100.0 |       0 |      48 | 100.0
            +---------+---------+-------+---------+---------+-------
